Map: 2000 Atmospheres LE

Players

Bly

  • Race: Zerg Zerg

Gerald - Winner!

  • Race: Protoss Protoss

Event: DreamHack SC2 Masters 2021 Fall

VOD

Have the link to the VOD?

Description

Time

  • Played on: Aug. 5, 2021, 11:36 a.m.
  • Length: 15:31

All games in this series

Show
View Real Time Build Order
Export as new Build Order

Bly Zerg 

Build Orders: Hatch First, Muta Ling Bane 

Get SALT Encoding   

  12  0:00  Drone  
  13  0:12  Overlord  
  13  0:16  Drone  
  14  0:31  Drone x2  
  16  0:48  Hatchery  
  15  0:51  Drone  
  15  0:55  Drone  
  17  0:58  Drone  
  18  1:09  Extractor  
  17  1:16  Spawning Pool, Drone  
  17  1:20  Drone  
  18  1:27  Drone  
  19  1:39  Drone  
  20  1:49  Overlord  
  20  2:02  Zergling x4  
  20  2:03  Queen x2  
  26  2:11  Drone x2  
  26  2:12  Metabolic Boost  
  28  2:21  Drone  
  29  2:25  Drone  
  30  2:35  Hatchery  
  29  2:45  Drone x2  
  29  2:48  Overlord  
  31  2:55  Queen  
  33  3:12  Drone x6  
  38  3:13  Drone  
  38  3:17  Overlord  
  38  3:18  Drone x2  
  41  3:23  Zergling x4  
  43  3:30  Zergling x2  
  43  3:34  Overlord  
  43  3:47  Drone  
  43  3:48  Drone x8  
  52  3:50  Queen  
  54  4:03  Roach Warren, Drone  
  54  4:07  Spore Crawler x2  
  52  4:10  Queen, Overlord  
  52  4:12  Drone  
  52  4:16  Drone x3  
  58  4:24  Overlord  
  58  4:29  Drone, Overlord  
  59  4:31  Overlord  
  59  4:33  Spore Crawler  
  59  4:36  Drone x2  
  59  4:37  Extractor  
  59  4:39  Overlord  
  58  4:49  Overlord  
  58  4:50  Overlord  
  58  4:52  Roach x6  
  69  4:58  Roach  
  69  4:59  Roach x2  
  74  5:04  Extractor  
  74  5:05  Overlord  
  73  5:14  Drone x3  
  73  5:15  Overlord  
  73  5:17  Zergling x2  
  73  5:18  Zergling x14  
  84  5:25  Overlord  
  84  5:33  Lair  
  84  5:35  Zergling x8  
  88  5:36  Ravager  
  89  5:45  Overlord  
  81  5:50  Roach x2  
  81  5:51  Roach x2  
  81  5:53  Overlord  
  81  5:54  Zergling x14  
  93  6:14  Zergling x10  
  93  6:16  Ravager x2  
  100  6:27  Roach x3  
  100  6:28  Drone  
  100  6:29  Extractor, Drone x6  
  111  6:39  Drone x5  
  112  6:45  Glial Reconstitution  
  111  6:50  Overseer  
  111  6:51  Drone x3  
  114  6:58  Ravager  
  115  7:07  Drone x8, Hatchery  
  121  7:09  Extractor  
  121  7:10  Extractor  
  121  7:11  Overlord  
  121  7:12  Evolution Chamber  
  115  7:30  Drone x11  
  124  7:40  Zerg Melee Weapons Level 1  
  124  7:43  Baneling Nest, Drone x3  
  124  7:54  Hatchery  
  123  8:00  Roach  
  123  8:01  Roach x5  
  123  8:04  Spire  
  134  8:24  Zergling x22  
  134  8:26  Centrifical Hooks  
  144  8:27  Overseer  
  144  8:31  Hatchery  
  141  8:47  Zergling x14  
  141  8:48  Overlord x2  
  146  9:13  Hatchery  
  145  9:18  Zerg Flyer Weapons Level 1  
  145  9:28  Baneling x8  
  145  9:29  Mutalisk x11  
  145  9:31  Overlord x6  
  167  9:35  Zerg Melee Weapons Level 2  
  167  9:44  Baneling x10  
  166  9:53  Mutalisk  
  166  9:57  Drone x10  
  166  9:58  Zergling x8  
  179  10:10  Zergling x4  
  179  10:11  Zergling x6, Extractor  
  183  10:14  Spore Crawler  
  183  10:15  Extractor, Spine Crawler  
  175  10:21  Pneumatized Carapace  
  175  10:26  Spine Crawler x2, Infestation Pit  
  172  10:30  Baneling  
  172  10:31  Baneling x17  
  161  11:06  Zergling x56  
  185  11:20  Hive  
  185  11:21  Zerg Flyer Weapons Level 2  
  185  11:24  Baneling x4  
  185  11:25  Baneling x14  
  185  11:41  Spine Crawler  
  185  11:44  Baneling x17  
  166  12:01  Spine Crawler  
  166  12:02  Spine Crawler  
  166  12:04  Spore Crawler  
  166  12:06  Spine Crawler  
  151  12:14  Corruptor x6  
  148  12:18  Zergling x44  
  147  12:38  Zergling x2  
  147  12:39  Zergling x20  
  147  12:43  Ravager  
  147  12:44  Ravager x7  
  147  13:06  Corruptor x5  
  147  13:09  Zergling x18  
  133  13:35  Baneling  
  131  13:43  Hatchery  
  129  13:54  Infestor x2, Ultralisk Cavern  
  130  13:55  Zergling x2  
  130  13:56  Zergling x20  
  139  14:22  Hatchery  
  139  14:23  Baneling x8  
  137  14:26  Baneling x15  
  137  14:27  Baneling x3  
  136  14:33  Zergling x6  
  117  15:10  Zergling x24  
Show
View Real Time Build Order
Export as new Build Order

Gerald Protoss - Winner!

Build Orders: 1 Gate Expand, Oracle Opening 

Get SALT Encoding   

  12  0:00  Probe  
  13  0:12  Probe  
  14  0:18  Pylon  
  14  0:24  Probe  
  15  0:37  Probe (Chrono Boost)  
  15  0:40  Gateway  
  16  0:47  Probe (Chrono Boost)  
  17  0:50  Assimilator  
  17  0:52  Probe (Chrono Boost)  
  18  1:03  Probe  
  19  1:16  Probe  
  20  1:26  Nexus  
  21  1:37  Cybernetics Core  
  20  1:40  Probe  
  21  1:47  Assimilator  
  21  1:53  Probe  
  22  1:55  Pylon  
  22  2:06  Probe  
  23  2:15  Stargate  
  23  2:19  Adept (Chrono Boost)  
  23  2:21  Probe  
  26  2:33  Probe  
  27  2:38  Probe  
  27  2:39  Adept (Chrono Boost)  
  30  2:45  Probe  
  30  2:50  Probe  
  30  2:51  Shield Battery  
  32  2:57  Warp Gate, Probe  
  32  3:02  Adept, Probe  
  32  3:03  Void Ray (Chrono Boost)  
  39  3:14  Probe  
  39  3:17  Probe  
  41  3:25  Pylon  
  41  3:26  Probe  
  42  3:31  Pylon  
  42  3:42  Probe  
  42  3:43  Probe  
  42  3:47  Twilight Council  
  44  3:52  Oracle (Chrono Boost)  
  44  3:54  Probe  
  48  3:57  Probe  
  49  4:04  Gateway  
  49  4:06  Probe  
  49  4:07  Gateway  
  50  4:10  Probe  
  51  4:17  Resonating Glaives (Chrono Boost)  
  51  4:18  Probe  
  52  4:26  Pylon  
  52  4:27  Probe  
  53  4:32  Nexus  
  53  4:34  Probe  
  54  4:39  Probe  
  55  4:46  Probe  
  55  4:49  Adept  
  55  4:51  Gateway, Probe  
  59  4:59  Assimilator  
  59  5:03  Adept x2  
  59  5:05  Pylon  
  63  5:11  Adept  
  65  5:15  Probe  
  65  5:16  Probe  
  65  5:17  Forge  
  65  5:20  Assimilator  
  67  5:24  Adept x2  
  71  5:31  Probe x2  
  73  5:36  Blink, Stalker  
  75  5:43  Probe  
  74  5:54  Probe x2  
  74  5:55  Stalker x3  
  74  5:56  Shield Battery  
  78  5:57  Photon Cannon  
  78  5:58  Probe  
  79  6:06  Probe x2  
  79  6:10  Gateway, Probe  
  78  6:13  Gateway  
  78  6:18  Probe  
  78  6:19  Sentry x3, Stalker  
  78  6:20  Probe  
  88  6:26  Pylon x2  
  88  6:33  Probe  
  88  6:38  Protoss Ground Weapons Level 1 (Chrono Boost)  
  84  6:45  Pylon  
  84  6:46  Gateway, Stalker  
  86  6:49  Photon Cannon  
  86  6:50  Probe  
  86  6:51  Shield Battery  
  86  6:52  Robotics Facility  
  84  6:56  Stalker x2  
  84  6:59  Probe  
  89  7:01  Photon Cannon  
  89  7:02  Sentry  
  89  7:08  Stalker x2  
  95  7:09  Probe  
  95  7:14  Probe  
  95  7:15  Probe  
  98  7:21  Probe  
  99  7:25  Assimilator, Stalker  
  99  7:26  Stalker x2, Probe  
  99  7:28  Shield Battery  
  99  7:29  Adept  
  108  7:30  Assimilator  
  104  7:40  Probe x2  
  106  7:45  Robotics Bay  
  106  7:52  Stalker x3  
  106  7:53  Warp Prism (Chrono Boost)  
  106  7:56  Probe  
  106  7:58  Probe  
  116  8:11  Nexus  
  116  8:13  Pylon  
  116  8:20  Probe  
  117  8:27  Pylon  
  117  8:28  Charge (Chrono Boost)  
  117  8:31  Pylon, Observer  
  117  8:32  Pylon  
  117  8:33  Stalker x3, Dark Shrine  
  124  8:36  Pylon  
  124  8:37  Pylon  
  124  8:39  Stalker  
  115  8:49  Disruptor (Chrono Boost)  
  115  8:51  Stalker x3  
  122  9:01  Probe x2  
  124  9:05  Stalker x4  
  132  9:10  Probe  
  132  9:11  Phoenix (Chrono Boost)  
  132  9:13  Probe x2  
  137  9:18  Disruptor (Chrono Boost)  
  137  9:22  Probe  
  141  9:28  Shield Battery, Photon Cannon  
  141  9:31  Photon Cannon  
  141  9:33  Probe x3  
  141  9:38  Stargate  
  141  9:40  Phoenix (Chrono Boost), Probe  
  141  9:41  Assimilator, Photon Cannon  
  141  9:42  Shield Battery  
  141  9:45  Assimilator  
  144  9:47  Dark Templar x2  
  144  9:52  Probe  
  149  9:59  Phoenix  
  149  10:00  Pylon  
  151  10:07  Stalker x2  
  155  10:16  Stalker x2  
  155  10:20  Probe x2  
  159  10:24  Phoenix, Probe  
  159  10:26  Photon Cannon  
  159  10:28  Shield Battery, Phoenix  
  160  10:30  Photon Cannon  
  160  10:31  Probe  
  160  10:32  Probe  
  160  10:33  Fleet Beacon  
  160  10:34  Pylon  
  162  10:36  Protoss Ground Weapons Level 2 (Chrono Boost)  
  162  10:44  Stalker x3  
  162  10:47  Stalker  
  162  10:48  Stalker x2  
  165  11:17  Probe x2  
  165  11:18  Gateway  
  167  11:21  Gateway  
  167  11:32  Pylon  
  167  11:33  Pylon  
  167  11:35  Pylon  
  167  11:39  Photon Cannon  
  167  11:41  Photon Cannon  
  167  11:42  Shield Battery x2  
  167  11:46  Pylon  
  167  11:49  Templar Archives  
  167  11:50  Carrier x2  
  167  11:53  Stalker  
  167  11:54  Sentry, Stalker x4  
  171  12:17  Disruptor  
  171  12:20  Probe x2  
  171  12:21  Stalker  
  176  12:27  Dark Templar  
  169  12:31  Probe  
  169  12:32  Probe x2  
  169  12:36  Probe  
  171  12:38  Pylon  
  169  12:49  Dark Templar x3  
  181  12:58  Dark Templar  
  181  13:00  Zealot x3  
  166  13:08  Dark Templar  
  166  13:09  Zealot  
  164  13:22  Probe  
  164  13:23  Probe x2  
  164  13:25  Stalker  
  169  13:29  Stalker x2  
  161  13:35  Nexus  
  161  13:37  Probe (Chrono Boost)  
  161  13:40  Pylon  
  164  13:41  Probe x2 (Chrono Boost)  
  164  13:44  Assimilator, Stalker  
  167  13:49  Probe (Chrono Boost)  
  167  13:52  Psionic Storm  
  167  13:53  High Templar, Probe x2 (Chrono Boost)  
  167  13:54  High Templar  
  173  13:55  Archon  
  173  13:56  Probe (Chrono Boost)  
  173  13:59  Pylon  
  173  14:02  Probe  
  175  14:03  Pylon, High Templar x3  
  181  14:11  Archon  
  181  14:20  Tempest  
  181  14:21  Probe x2  
  188  14:26  Pylon  
  180  14:48  Dark Templar x5  
  180  14:50  Stalker  
  180  14:52  Stalker  
  194  14:56  Stalker x2  

Tags
 
Add a new tag
Caveats
  • Supply blocks, unpowered buildings, or Contaminate may cause inaccurate times.
  • Supply counts are checked every 10 seconds.